 Dungeon Crawl Stone Soup version 0.31-a0-1112-ga3593d9213 (webtiles) character file.

Game seed: 2323323137742619015

215484 GreatBamboolord the Peltast (level 18, -4/244 HPs)
             Began as an Armataur Fighter on Dec 1, 2023.
             Was the Champion of the Shining One.
             Killed by divine providence
             ... invoked by a meliai
              (8 damage)
             ... on level 3 of the Spider Nest on Dec 4, 2023.
             The game lasted 01:09:13 (30810 turns).

GreatBamboolord the Peltast (Armataur Fighter)     Turns: 30810, Time: 01:09:14

Health: -4/244     AC: 29    Str: 28    XL:     18   Next: 33%
Magic:  24/24      EV:  1    Int:  8    God:    the Shining One [******]
Gold:   1820       SH:  0    Dex: 10    Spells: 17/17 levels left

rFire   + . .        k - +2 eveningstar (heavy)
rCold   + . .        f - +0 kite shield
rNeg    + + +        L - melded +8 chain mail "Dizefet" {Dex+2}
rPois   +            Z - melded +2 hat {Stlth+}
rElec   +            I - melded +1 cloak "Ajigroo" {rPois Will+ Str+2 Dex-2}
rCorr   +            V - melded +0 pair of gloves
SInv    .            (no barding)
Will    +....        q - amulet of reflection
Stlth   +            b - ring "Cajuigo" {rElec rN+++ rCorr Dex-4 Stlth+}
HPRegen 0.60/turn    J - ring of Fallacy {Wiz rF+ rC+ Dex+2}
MPRegen 0.19/turn

%: reflection, roll, wizardry (x1)
@: confused, mighty, tree-form, ambrosia-drunk, glowing, studying Shields
A: stationary, stasis, torment immunity, boosted hp, large, (deformed body),
(tough skin 3), (armoured tail), roll 2, long tongue, (iridescent scales 1),
(cold resistance 1), low MP 1
}: 1/15 runes: decaying
a: Renounce Religion, Divine Shield, Cleansing Flame, Summon Divine Warrior,
Brand Weapon With Holy Wrath


You were on level 3 of the Spider Nest.
You worshipped the Shining One.
The Shining One was exalted by your worship.
You were a tree.
You visited 6 branches of the dungeon, and saw 27 of its levels.
You also visited: Bailey and Gauntlet.

You collected 3258 gold pieces.
You spent 1438 gold pieces at shops.

Inventory:

Hand Weapons
 a - a +2 morningstar of freezing
 k - a +2 heavy eveningstar (weapon)
Missiles
 R - 2 throwing nets
Armour
 f - a +0 kite shield (worn)
 z - a +2 chain mail of fire resistance
 I - the +1 cloak "Ajigroo" (melded) {rPois Will+ Str+2 Dex-2}
   (You found it in a Gauntlet)

   Str+2:     It affects your strength (+2).
   Dex-2:     It affects your dexterity (-2).
   rPois:     It protects you from poison Will+: It increases your willpower.
 L - the +8 chain mail "Dizefet" (melded) {Dex+2}
   (You took it off a minotaur in a Gauntlet)

   Dex+2:     It affects your dexterity (+2).
 V - a +0 pair of gloves (melded)
 Z - a +2 hat of stealth (melded)
Jewellery
 b - the ring "Cajuigo" (left branch) {rElec rN+++ rCorr Dex-4 Stlth+}
   (You found it on level 5 of the Lair of Beasts)

   [ring of resist corrosion]

   Dex-4:     It affects your dexterity (-4).
   rElec:     It insulates you from electricity.
   rN+++:     It renders you almost immune to negative energy.
   rCorr:     It protects you from acid and corrosion.
   Stlth+:    It makes you more stealthy.
 q - an amulet of reflection (around neck)
 u - the ring "Jopir" {Ice Slay+5}
   (You acquired it on level 9 of the Dungeon)

   [ring of ice]

   Ice:       It enhances your ice magic.
   Slay+5:    It affects your accuracy & damage with ranged weapons and melee
   (+5).
   rF-:       It makes you vulnerable to fire.
   rC+:       It protects you from cold.
 J - the ring of Fallacy (right branch) {Wiz rF+ rC+ Dex+2}
   (You found it in a Gauntlet)

   [ring of wizardry]

   Wiz:       It improves your spell success rate.
   Dex+2:     It affects your dexterity (+2).
   rF+:       It protects you from fire.
   rC+:       It protects you from cold.
 K - a ring of protection from cold
 T - the ring "Qovvyeninu" {Wiz Str+4}
   (You found it on level 1 of the Lair of Beasts)

   [ring of wizardry]

   Wiz:       It improves your spell success rate.
   Str+4:     It affects your strength (+4).
Wands
 t - a wand of paralysis (25)
 y - a wand of mindburst (29)
 B - a wand of flame (29)
 C - a wand of iceblast (27) (quivered)
 M - a wand of quicksilver (43)
 O - a wand of polymorph (9)
 Q - a wand of digging (6)
Scrolls
 e - a scroll of fog
 g - 3 scrolls of vulnerability
 h - a scroll of immolation
 i - 3 scrolls of silence
 m - a scroll of blinking
 n - 9 scrolls of teleportation
 r - a scroll of butterflies
 s - 2 scrolls of enchant armour
 w - 6 scrolls of noise
 x - 2 scrolls of amnesia
 A - 2 scrolls of torment
 N - a scroll of poison
 U - 4 scrolls of fear
 W - a scroll of enchant weapon
Potions
 c - 5 potions of mutation
 d - 3 potions of attraction
 l - 3 potions of invisibility
 p - 5 potions of ambrosia
 v - 2 potions of haste
 D - 3 potions of might
 F - 6 potions of resistance
 G - a potion of magic {unknown}
 P - a potion of lignification
 S - a potion of berserk rage
Miscellaneous
 E - a lightning rod (4/4)
 H - a phantom mirror


   Skills:
 + Level 15.0 Fighting
 + Level 17.1 Maces & Flails
 + Level 18.9 Armour
 + Level 19.0 Shields
 + Level 11.8 Invocations


You had 17 spell levels left.
You didn't know any spells.
Your spell library contained the following spells:

 Spells                   Type           Power      Damage    Failure   Level
 Apportation              Tloc           0%         N/A       21%         1
 Necrotise                Necr           0%         1d4       21%         1
 Summon Small Mammal      Summ           0%         N/A       21%         1
 Cigotuvi's Dreadful Rot  Necr/Pois/Air  0%         N/A       32%         2
 Ensorcelled Hibernation  Hex/Ice        0%         N/A       32%         2
 Lesser Beckoning         Tloc           0%         N/A       32%         2
 Passwall                 Tmut/Erth      0%         N/A       32%         2
 Poisonous Vapours        Pois/Air       0%         N/A       32%         2
 Sublimation of Blood     Necr           0%         N/A       32%         2
 Wereblood                Tmut           0%         N/A       32%         2
 Gell's Gravitas          Tloc           0%         N/A       52%         3
 Ignite Poison            Fire/Tmut/Pois 0%         N/A       52%         3
 Mephitic Cloud           Conj/Pois/Air  0%         N/A       52%         3
 Swiftness                Air            0%         N/A       52%         3
 Teleport Other           Tloc           0%         N/A       52%         3
 Tukima's Dance           Hex            0%         N/A       52%         3
 Volatile Blastmotes      Fire/Tloc      0%         2d10      52%         3
 Brom's Barrelling Bould  Conj/Erth      0%         2d3       88%         4
 Dimensional Bullseye     Hex/Tloc       0%         N/A       88%         4
 Fulminant Prism          Conj/Hex       0%         3d5       88%         4
 Iskenderun's Mystic Bla  Conj/Tloc      0%         2d3       88%         4
 Vhi's Electric Charge    Tloc/Air       0%         N/A       88%         4
 Arcjolt                  Conj/Air       0%         1d10      99%         5
 Fireball                 Conj/Fire      0%         3d3       99%         5
 Freezing Cloud           Conj/Ice/Air   0%         6-21      99%         5
 Iskenderun's Battlesphe  Conj           0%         2d6       99%         5
 Summon Forest            Summ/Tloc      0%         N/A       99%         5
 Summon Mana Viper        Hex/Summ       0%         N/A       99%         5
 Conjure Ball Lightning   Conj/Air       0%         3x3d6     100%        6
 Plasma Beam              Fire/Air       0%         2x1d10    100%        6
 Summon Cactus Giant      Summ           0%         N/A       100%        6
 Orb of Destruction       Conj           0%         9d5       100%        7
 Summon Hydra             Summ           0%         N/A       100%        7


Dungeon Overview and Level Annotations

Branches:
Dungeon (11/15)            Temple (1/1) D:7            Lair (5/5) D:8
  Swamp (4/4) Lair:3       Spider (4/4) Lair:2        Slime (0/5) Lair:4
    Orc (2/2) D:10            Elf (0/3) Orc:2        Bailey (visited)
Gauntlet (visited)

Altars:
Ashenzari
Cheibriados
Dithmenos
Elyvilon
Fedhas
Gozag
Hepliaklqana
Kikubaaqudgha
Makhleb
Nemelex Xobeh
Okawaru
Qazlal
Ru
Sif Muna
Trog
Uskayaw
Vehumet
Wu Jian
Xom
Yredelemnul
Zin
The Shining One
Jiyva

Shops:
D:1 [   D:7 *   D:11 (   Orc:2 **[(=

Annotations:
Lair:4 1 runed translucent door
Swamp:2 2 transporters


Innate Abilities, Weirdness & Mutations

You are a tree.
Your roots penetrate the ground, keeping you stationary.
You cannot be teleported.
You are immune to unholy pain and torment.
Your maximum health is greatly increased.
Your equipment is partially melded.
((Armour fits poorly on your strangely shaped body.))
((You have extremely tough skin. (AC +3)))
((You have a long armoured tail.))
You roll and regenerate health when moving toward enemies. (Rampage Heal)
Your long tongue fully drains potion bottles. (2x potion effects)
((You are partially covered in iridescent scales. (AC +2)))
((Your flesh is cold resistant. (rC+)))
Your magical capacity is low. (-10% MP)


Message History

The wolf spider hits you but does no damage.
The wolf spider bites you but does no damage.
You're too confused to move!
The meliai hits you with a +0 war axe!
* * * LOW HITPOINT WARNING * * *
The meliai stings you but does no damage.
The tarantella touches you!
* * * LOW HITPOINT WARNING * * *
The meliai barely misses you. The meliai stings you.
* * * LOW HITPOINT WARNING * * *
The wolf spider barely misses you. x2
The tarantella touches you but does no damage.
You turn into a tree.
The +1 cloak "Ajigroo" {rPois Will+ Str+2 Dex-2} melds into your body.
Your +2 hat of stealth melds into your body.
Your +0 pair of gloves melds into your body.
The +8 chain mail "Dizefet" {Dex+2} melds into your body.
You feel less stealthy.
Your roots penetrate the ground.
You slurp down every last drop of the potion of lignification!
The meliai hits you but does no damage.
The meliai stings you but does no damage.
The wolf spider hits you but does no damage.
The wolf spider bites you but does no damage.
The meliai hits you but does no damage.
The meliai stings you but does no damage.
The tarantella touches you.
* * * LOW HITPOINT WARNING * * *
You are afflicted by dizzying energies!
You are more confused.
The wolf spider hits you.
* * * LOW HITPOINT WARNING * * *
The wolf spider bites you but does no damage.
You feel very mighty all of a sudden.
You slurp down every last drop of the potion of might!
The meliai hits you with a +0 war axe!
* * * LOW HITPOINT WARNING * * *
The meliai completely misses you.
The tarantella touches you but does no damage.
The meliai mumbles some strange prayers to its god against you.
Something smites you!
You die...

##.###^#.. ### ##...
############ ##..
##≈≈≈≈≈#≈#≈≈# #..
#≈≈≈≈≈≈≈≈≈≈## #..
##≈≈≈≈≈≈≈≈≈≈# #..
#≈≈≈.....≈≈≈# ##.
#≈≈≈..>sy≈≈≈# #.
##≈≈~..s♣≈≈## #.
#≈≈#≈#≈#≈≈≈# #####.
#≈≈≈≈#≈#≈≈##
###.[...
##≈≈#≈#≈≈≈≈##
##...####
#≈≈≈#≈≈≈≈≈≈≈#
###..###
##≈≈#≈≈≈#≈≈####..^##
#≈≈≈≈≈#≈#≈≈# #..###
##≈≈.≈.≈≈≈≈###.##
##...~...##...#


You could see a wolf spider, a tarantella and a meliai.

Vanquished Creatures
  Saint Roka (Orc:1)
  Nikola (Swamp:3)
  Rupert (Orc:2)
  Gastronok (Lair:3)
  A thorn hunter (Swamp:3)
  Roxanne (Swamp:4)
  3 fenstrider witches (Swamp:4)
  An emperor scorpion (Spider:2)
  5 ghost moths
  3 ghouls (Swamp:1)
  A broodmother (Spider:3)
  An orc warlord (Orc:2)
  8 eleionomae
  A minotaur (Gauntlet)
  A bunyip (Swamp:3)
  7 spark wasps
  5 entropy weavers
  2 shambling mangroves
  An ice dragon (Lair:5)
  18 hydras
  4 boulder beetles
  7 alligators
  3 jorogumos
  2 ghost crabs
  2 catoblepae
  4 radroaches
  A centaur warrior (D:8)
  5 death yaks
  Erica (Lair:2)
  A two-headed ogre (D:11)
  5 demonic crawlers
  7 orc high priests
  Sonja (Orc:2)
  Nergalle (Orc:1)
  2 sun moths
  9 spriggans
  2 skysharks
  A skeletal warrior (D:7)
  15 swamp dragons
  5 goliath frogs
  4 pharaoh ants (Spider:2)
  4 bog bodies
  6 spriggan druids
  6 orb spiders
  2 lindwurms (Lair:5)
  3 orc knights (Orc:2)
  5 steelbarb worms
  21 wolf spiders
  A deep elf pyromancer (D:8)
  3 orc sorcerers
  2 ugly things (D:7)
  Maurice (D:7)
  2 will-o-the-wisps
  6 elephants (Lair:4)
  A cyclops (D:11)
  A guardian serpent (Lair:5)
  3 moths of wrath
  3 kobold blastminers (Orc:2)
  9 torpor snails
  14 black mambas
  3 gargoyles
  Maggie (D:8)
  An unseen horror (D:11)
  11 cane toads
  2 kobold demonologists
  9 komodo dragons
  5 rime drakes
  2 ice devils (Gauntlet)
  3 trolls
  15 tyrant leeches
  28 tarantellas
  2 polar bears (Lair:2)
  25 hornets
  9 blink frogs (Lair:4)
  5 dream sheep (Lair:4)
  25 jumping spiders
  A slime creature (D:7)
  2 wraiths
  10 culicivoras
  42 yaks
  2 vampires
  2 steam dragons
  20 wyverns
  42 redbacks
  4 vampire mosquitoes
  3 basilisks
  Menkaure (D:5)
  6 wargs (Orc:2)
  23 swamp worms
  2 acid dragons
  22 water moccasins
  9 swamp drakes
  30 orc warriors
  7 black bears
  2 ice beasts (D:6)
  3 sky beasts
  5 ogres
  19 wolves
  A boggart (D:8)
  11 centaurs
  2 phantoms
  A kobold brigand (D:10)
  21 bullfrogs
  2 scorpions
  3 gnoll sergeants
  2 wights
  19 killer bees
  5 electric eels
  A howler monkey (D:5)
  4 crimson imps (D:10)
  4 hounds
  10 orc priests
  Crazy Yiuf (D:2)
  4 sleepcaps
  5 iguanas
  18 orc wizards
  4 hell rats (Lair:4)
  Robin (D:2)
  15 gnolls
  15 adders
  A shadow imp (D:5)
  2 white imps
  3 worms
  A dart slug (D:3)
  75 orcs
  4 endoplasms
  A giant cockroach (D:1)
  20 goblins
  16 hobgoblins
  6 jackals (D:3)
  9 kobolds
  A quokka (shapeshifter) (D:7)
  2 quokkas
  9 ball pythons
  9 bats
  4 frilled lizards
  4 rats
  A butterfly (Lair:4)
958 creatures vanquished.

Vanquished Creatures (collateral kills)
  the Lernaean hydra (Swamp:4)
  A hydra (Swamp:4)
  An alligator (Swamp:4)
  3 swamp dragons (Swamp:4)
  A swamp drake (Swamp:4)
7 creatures vanquished.

Vanquished Creatures (others)
  An eleionoma (Swamp:3)
  A blizzard demon (Gauntlet)
  6 bloated husks
  A hornet (Swamp:3)
  A spriggan (Swamp:3)
  A swamp worm (Swamp:1)
  An orc (D:8)
  4 foxfires (Swamp:2)
16 creatures vanquished.

Grand Total: 981 creatures vanquished

Notes
Turn   | Place    | Note
-------+----------+-------------------------------------------
     0 | D:1      | GreatBamboolord the Armataur Fighter began the quest for
                  | the Orb.
     0 | D:1      | Reached XP level 1. HP: 18/18 MP: 1/1
   104 | D:1      | Found Keyf Yta's Armour Emporium.
   174 | D:1      | Reached XP level 2. HP: 25/25 MP: 2/2
   352 | D:1      | Found a faded altar of an unknown god.
   617 | D:1      | Prayed at the altar of an unknown god.
   617 | D:1      | Became a worshipper of Ashenzari the Shackled
   892 | D:2      | Reached XP level 3. HP: 31/31 MP: 3/3
   896 | D:2      | Noticed Robin
   916 | D:2      | Killed Robin
   929 | D:2      | Fell from the grace of Ashenzari
  1116 | D:2      | Reached XP level 4. HP: 36/38 MP: 4/4
  1121 | D:2      | Reached skill level 4 in Shields
  1455 | D:1      | Bought a +0 cloak for 45 gold pieces
  1526 | D:2      | Found a hazy altar of Hepliaklqana.
  1664 | D:2      | Found a runed translucent door.
  1665 | D:2      | Noticed Crazy Yiuf
  1951 | D:2      | Killed Crazy Yiuf
  1952 | D:2      | Was forgiven by Ashenzari
  1952 | D:2      | Reached XP level 5. HP: 19/45 MP: 5/5
  2557 | D:3      | Found a stormy altar of Qazlal.
  2655 | D:3      | Found a glowing silver altar of Zin.
  2831 | D:3      | Reached skill level 5 in Armour
  3200 | D:4      | Reached XP level 6. HP: 52/52 MP: 6/6
  3406 | D:4      | You fall into a shaft and drop 3 floors!
  3456 | D:7      | Found Nyekucio's Assorted Antiques.
  3461 | D:7      | Bought a potion of curing for 72 gold pieces
  3461 | D:7      | Bought a scroll of identify for 48 gold pieces
  3463 | D:7      | Gained mutation: Your flesh is cold resistant. (rC+)
                  | [potion of mutation]
  3463 | D:7      | Gained mutation: Your magical capacity is low. (-10% MP)
                  | [potion of mutation]
  3463 | D:7      | Gained mutation: You are partially covered in iridescent
                  | scales. (AC +2) [potion of mutation]
  3503 | D:7      | Reached skill level 5 in Shields
  3613 | D:6      | Gained mutation: You roll and regenerate health when moving
                  | toward enemies. (Rampage Heal) [Armataur growth]
  3613 | D:6      | Reached XP level 7. HP: 60/60 MP: 6/6
  4051 | D:5      | Entered Level 5 of the Dungeon
  4251 | D:4      | Reached skill level 5 in Fighting
  4256 | D:4      | Reached skill level 6 in Shields
  4391 | D:4      | Reached XP level 8. HP: 63/68 MP: 7/7
  5166 | D:5      | Noticed Menkaure
  5174 | D:5      | Killed Menkaure
  5175 | D:5      | Reached skill level 5 in Maces & Flails
  5488 | D:6      | Found a bloodstained altar of Trog.
  5488 | D:6      | Found a snail-covered altar of Cheibriados.
  5620 | D:7      | Bought a shiny chain mail for 180 gold pieces
  5620 | D:7      | Bought a black potion for 21 gold pieces
  5756 | D:6      | Reached skill level 7 in Shields
  6041 | D:7      | Noticed Maurice
  6043 | D:7      | Maurice stole 45 gold
  6088 | D:7      | Killed Maurice
  6089 | D:7      | Reached XP level 9. HP: 22/75 MP: 0/8
  6435 | D:7      | Noticed a white ugly thing
  6435 | D:7      | Noticed a skeletal warrior
  6855 | D:7      | Reached skill level 8 in Shields
  6972 | D:7      | Found a staircase to the Ecumenical Temple.
  7005 | Temple   | Entered the Ecumenical Temple
  7034 | Temple   | Became a worshipper of the Shining One
  7350 | D:8      | Reached XP level 10. HP: 58/86 MP: 9/9
  7423 | D:8      | Found a staircase to the Lair.
  7628 | D:8      | Reached skill level 9 in Shields
  7834 | D:8      | Noticed Maggie
  7859 | D:8      | Killed Maggie
  8058 | D:8      | Reached skill level 10 in Armour
  8222 | D:8      | Noticed a centaur warrior
  8419 | D:8      | Killed a centaur warrior
  8430 | D:8      | Noticed a deep elf pyromancer
  8436 | D:8      | Killed a deep elf pyromancer
  8450 | D:8      | Noticed a gargoyle
  8454 | D:8      | Noticed a gargoyle
  8661 | D:7      | Killed a gargoyle
  8668 | D:7      | Killed a gargoyle
  8669 | D:7      | Reached XP level 11. HP: 92/95 MP: 9/9
  8691 | D:7      | Reached skill level 10 in Shields
  8757 | D:7      | Reached * piety under the Shining One
  9321 | D:7      | Noticed a white ugly thing
  9331 | D:7      | Killed a white ugly thing
  9339 | D:7      | Killed a green ugly thing
  9462 | D:7      | Noticed a soul eater
  9584 | D:7      | Killed a skeletal warrior
  9718 | D:9      | Identified a scroll of acquirement
  9886 | D:9      | Found a flagged portal.
  9905 | Bailey   | Entered a bailey
 10385 | Bailey   | Noticed an orc high priest
 10387 | Bailey   | Noticed a soul eater
 10405 | Bailey   | Killed an orc high priest
 10732 | Bailey   | Acquired the ring "Jopir" {Ice Slay+5}
 10737 | Bailey   | Acquired a manual of Maces & Flails
 10774 | Bailey   | Found an iron altar of Okawaru.
 10774 | Bailey   | Noticed an orc high priest
 10783 | Bailey   | Killed an orc high priest
 10784 | Bailey   | Reached skill level 11 in Shields
 10834 | Bailey   | Reached skill level 10 in Fighting
 10834 | Bailey   | Reached skill level 12 in Shields
 10834 | Bailey   | Reached XP level 12. HP: 108/108 MP: 10/10
 10834 | Bailey   | Reached XP level 13. HP: 114/114 MP: 11/11
 11118 | D:9      | Found a sacrificial altar of Ru.
 11449 | D:9      | Reached ** piety under the Shining One
 11738 | D:8      | Upgraded the game from 0.31-a0-1099-g7fa767f3fe to
                  | 0.31-a0-1110-gab2881137f
 11768 | D:10     | Entered Level 10 of the Dungeon
 12113 | D:10     | Found a shimmering altar of Xom.
 12243 | D:10     | Found a staircase to the Orcish Mines.
 12414 | D:11     | Found Garebar's Antique Weapon Boutique.
 12562 | D:11     | Found a gate leading to a gauntlet.
 12571 | Gauntlet | Entered a Gauntlet
 12571 | Gauntlet | Found a transporter.
 12571 | Gauntlet | Found a transporter.
 12575 | Gauntlet | Found a transporter.
 12575 | Gauntlet | Found a transporter.
 12584 | Gauntlet | Found a transporter.
 12602 | Gauntlet | Noticed a green death
 12607 | Gauntlet | Found a transporter.
 12613 | Gauntlet | Found a transporter.
 12613 | Gauntlet | Found a transporter.
 12617 | Gauntlet | Found a transporter.
 12622 | Gauntlet | Noticed a blizzard demon
 12622 | Gauntlet | Reached *** piety under the Shining One
 12644 | Gauntlet | Found a transporter.
 12651 | Gauntlet | Found a transporter.
 12669 | Gauntlet | Found a transporter.
 12714 | Gauntlet | Found a transporter.
 12716 | Gauntlet | Noticed a green death
 12730 | Gauntlet | Found a transporter.
 12830 | Gauntlet | Found a transporter.
 12848 | Gauntlet | Found a transporter.
 13302 | Gauntlet | Reached skill level 1 in Invocations
 13438 | Gauntlet | Identified the +1 cloak "Ajigroo" {rPois Will+ Str+2 Dex-2}
 13480 | Gauntlet | Killed a blizzard demon
 13491 | Gauntlet | Reached XP level 14. HP: 67/122 MP: 13/13
 13530 | Gauntlet | Identified the ring of Fallacy {Wiz rF+ rC+ Dex+2}
 13671 | Gauntlet | Identified the +8 chain mail "Dizefet" {Dex+2}
 14048 | D:11     | Found a bloodstained altar of Trog.
 14493 | Lair:1   | Entered Level 1 of the Lair of Beasts
 14506 | Lair:1   | Reached skill level 13 in Shields
 14525 | Lair:1   | Identified the ring "Qovvyeninu" {Wiz Str+4}
 15380 | Lair:2   | Found a hole to the Spider Nest.
 15447 | Lair:2   | Noticed Erica
 15455 | Lair:2   | Killed Erica
 15478 | Lair:2   | Identified the +0 robe "Bogics" {Rampage}
 15687 | Lair:2   | Reached **** piety under the Shining One
 16093 | Lair:3   | Found a staircase to the Swamp.
 16200 | Lair:3   | Noticed Gastronok
 16217 | Lair:3   | Killed Gastronok
 16889 | Lair:3   | Reached skill level 5 in Invocations
 16933 | Lair:3   | Reached skill level 15 in Armour
 17249 | Lair:4   | Reached skill level 14 in Shields
 17363 | Lair:4   | Found a runed translucent door.
 17364 | Lair:4   | Found a viscous altar of Jiyva.
 17365 | Lair:4   | Noticed an acid blob
 17477 | Lair:4   | Reached ***** piety under the Shining One
 17503 | Lair:4   | Reached XP level 15. HP: 91/132 MP: 17/17
 17922 | Lair:4   | Found a staircase to the Slime Pits.
 18077 | Lair:5   | Entered Level 5 of the Lair of Beasts
 18355 | Lair:5   | Identified the +5 shortbow of Shame {heavy, *Corrode Int+4}
 19341 | Lair:5   | Identified the ring "Cajuigo" {rElec rN+++ rCorr Dex-4
                  | Stlth+}
 19523 | Lair:5   | Reached skill level 15 in Maces & Flails
 19552 | Lair:5   | Found a runed translucent door.
 19628 | Lair:5   | Paralysed by a hornet for 1 turns
 20134 | Orc:1    | Entered Level 1 of the Orcish Mines
 20317 | Orc:1    | Noticed Nergalle
 20329 | Orc:1    | Killed Nergalle
 20342 | Orc:1    | You fall into a shaft and drop 1 floor!
 20342 | Orc:2    | Entered Level 2 of the Orcish Mines
 20342 | Orc:2    | Found Donoug's General Store.
 20357 | Orc:2    | Noticed Rupert
 20360 | Orc:2    | Reached skill level 15 in Shields
 20367 | Orc:2    | Found Niow Lya's Assorted Antiques.
 20403 | Orc:2    | Found Cokodonn's Antique Armour Boutique.
 20421 | Orc:2    | Reached ****** piety under the Shining One
 20974 | Orc:2    | Paralysed by Rupert for 5 turns
 20986 | Orc:2    | Killed Rupert
 21013 | Orc:2    | Bought a slimy cloak for 266 gold pieces
 21013 | Orc:2    | Identified the +1 cloak "Vema Yba" {Dex+3} (You bought it
                  | in a shop on level 2 of the Orcish Mines)
 21024 | Orc:2    | Bought a shiny plate armour for 806 gold pieces
 21048 | Orc:2    | Noticed Saint Roka
 21079 | Orc:1    | Killed Saint Roka
 21255 | Orc:2    | Paralysed by an orc sorcerer for 2 turns
 21281 | Orc:2    | Reached XP level 16. HP: 137/143 MP: 19/19
 21305 | Orc:2    | Noticed Sonja
 21311 | Orc:2    | Killed Sonja
 21317 | Orc:2    | Found Buoppela's Antique Weapon Boutique.
 21661 | Orc:2    | Found a staircase to the Elven Halls.
 21682 | Orc:2    | Found Miresmu's Jewellery Emporium.
 21926 | Swamp:1  | Entered Level 1 of the Swamp
 23272 | Swamp:2  | Found a transporter.
 23298 | Swamp:2  | Found a transporter.
 23734 | Swamp:3  | Noticed Nikola
 23742 | Swamp:3  | Noticed a thorn hunter
 23749 | Swamp:3  | Killed Nikola
 23751 | Swamp:3  | Killed a thorn hunter
 23811 | Swamp:3  | Reached skill level 16 in Shields
 23811 | Swamp:3  | Acquired a manual of Shields
 23815 | Swamp:3  | Acquired a +2 morningstar of freezing
 23821 | Swamp:3  | Acquired a +2 heavy eveningstar
 24301 | Swamp:3  | Upgraded the game from 0.31-a0-1110-gab2881137f to
                  | 0.31-a0-1112-ga3593d9213
 24313 | Swamp:4  | Entered Level 4 of the Swamp
 24314 | Swamp:4  | Noticed Roxanne
 24520 | Swamp:4  | Killed Roxanne
 24789 | Swamp:4  | Reached XP level 17. HP: 146/151 MP: 22/22
 24789 | Swamp:4  | Noticed the 27-headed Lernaean hydra
 24792 | Swamp:4  | Reached skill level 10 in Invocations
 24801 | Swamp:4  | Killed the 27-headed Lernaean hydra
 24975 | Swamp:4  | Reached skill level 17 in Shields
 25033 | Swamp:4  | Got a decaying rune of Zot
 25253 | Swamp:4  | Found a runed translucent door.
 25694 | Spider:1 | Entered Level 1 of the Spider Nest
 26728 | Spider:2 | You fall into a shaft and drop 1 floor!
 26764 | Spider:3 | Reached skill level 18 in Shields
 28025 | Spider:2 | Reached XP level 18. HP: 162/162 MP: 23/23
 29056 | Spider:4 | Entered Level 4 of the Spider Nest
 29819 | Spider:4 | Reached skill level 15 in Fighting
 30282 | Spider:3 | Reached skill level 19 in Shields
 30808 | Spider:3 | HP: 8/163 [tarantella (8)]
 30808 | Spider:3 | HP: 2/163 [meliai/+0 war axe (6)]
 30810 | Spider:3 | Killed from afar by a meliai

Illustrated notes

Levels and vault maps discovered:
D:1:      shiori_shiawase, layout_loops_ring, serial_shops,
          nicolae_shop_hallway_stairs, ebering_ecumenical_altar_webs,
          minmay_heptomino_o4
D:2:      layout_loops_ring, basic_altar, uniq_robin, uniq_crazy_yiuf_cottage
D:3:      layout_basic, mainiacjoe_overflow_surrounded_room,
          mainiacjoe_overflow_cross_hatched, minmay_door_square
D:4:      layout_basic
D:5:      layout_loops_ring, minmay_misc_feat_doors, kennysheep_generic_room_6,
          uniq_menkaure
D:6:      layout_loops_ring, jmf_multi_god_temple
D:7:      layout_gridville, minmay_temple_entry_statues, serial_shops, shop,
          minmay_shattered_shrine, uniq_maurice
D:8:      nzn_winding_woodlands_stair_cross
          [nzn_winding_woodlands_5x15_concentric,
          nzn_winding_woodlands_center_diamonds,
          nzn_winding_woodlands_5x15_twine, nzn_winding_woodlands_5x5_three,
          nzn_winding_woodlands_5x5_closed_star,
          nzn_winding_woodlands_5x15_sidewinder,
          nzn_winding_woodlands_center_triple_pond,
          nzn_winding_woodlands_5x15_eye], layout_layer_cave,
          due_lair_maze_entry_diamond, uniq_maggie
D:9:      layout_grid_maze, mainiacjoe_overflow_24_doors, enter_bailey_3,
          minmay_diced_spiral
D:10:     old_forge, layout_basic, led_xom_imps, orc_0_dummy
D:11:     layout_long_grid, gauntlet_entry_generic, serial_shops,
          nicolae_stop_n_shop_2, roderic_lattice_a, trog_hazing_becter
Temple:   kb_temple_of_zot
Lair:1:   layout_cave_pods, dreamdust_wasp_nest
Lair:2:   layout_long_grid, nicolae_spider_entry_tight_spaces,
          serial_bayou_shore_a, uniq_erica
Lair:3:   layout_gridlike, alex1729_swamp_entry_worm_eleionoma,
          hangedman_lair_generics_rect, uniq_gastronok
Lair:4:   layout_gridlike, slime_entry_2, serial_bayou_shore_b,
          grunt_megastairs_5, lemuel_fruit_tree, lemuel_fruit_fields
Lair:5:   hangedman_lair_tendril_chambers, layout_gridlike, wormcave,
          minivault_24
Swamp:1:  layout_falls_marsh, evilmike_swamp_ruin_house_6, swamp_pool_4,
          nicolae_swamp_treefoil
Swamp:2:  gammafunk_worm_tunnel, layout_basic_swamp, nicolae_swamp_stair_fork,
          nicolae_swamp_bean_lake
Swamp:3:  layout_basic_swamp, nicolae_swamp_little_swirl, swamp_pool_4,
          uniq_nikola
Swamp:4:  swamp_old_school, layout_basic_swamp, nzn_swamp_weyward_sisters,
          uniq_roxanne
Spider:1: layout_spider_delve, nicolae_spider_moth_buddies
Spider:2: layout_chambers, drop_trap
Spider:3: layout_spider_delve, nicolae_spider_cling_halls
Spider:4: guppyfry_spider_rune, spiders_nest_ghost_moth_duel
Orc:1:    layout_caves, basic_altar, uniq_nergalle
Orc:2:    grunt_orc_gardens, layout_caves, grunt_orc_garden, grunt_orc_garden,
          grunt_orc_garden, grunt_orc_garden, special_room, serial_shops, shop,
          uniq_donald, uniq_rupert, uniq_saint_roka, uniq_sonja

Skill      XL: |  1  2  3  4  5  6  7  8  9 10 11 12 13 14 15 16 17 18 |
---------------+-------------------------------------------------------+-----
Maces & Flails | 2 3 4 5 6 8 11 12 14 15 16 17 | 17.1
Fighting       | 3 4 5 6 7 8 10 12 13 14 15 | 15.0
Armour         | 4 5 6 8 9 10 13 15 16 17 18 | 18.9
Shields        | 4 5 6 7 8 9 12 14 15 16 18 19 | 19.0
Invocations    | 1 5 8 9 11 | 11.8

Action                     |  1- 3 |  4- 6 |  7- 9 | 10-12 | 13-15 | 16-18 || total
---------------------------+-------+-------+-------+-------+-------+-------++-------
  Melee: Flail             |    85 |   188 |    83 |       |       |       ||   356
         Tailslap          |     8 |    16 |    62 |    65 |   268 |   188 ||   607
         Morningstar       |       |       |   319 |   411 |  1235 |   372 ||  2337
         Eveningstar       |       |       |       |       |       |   580 ||   580
 Invoke: Renounce Religion |     1 |       |       |       |       |       ||     1
         Cleansing Flame   |       |       |       |       |       |     6 ||     6
         Summon Divine War |       |       |       |       |       |     2 ||     2
  Evoke: Wand              |       |       |       |     1 |       |     3 ||     4
         Lightning rod     |       |       |       |     1 |       |       ||     1
    Use: Potion            |     1 |     3 |     2 |     6 |     6 |    15 ||    33
         Scroll            |       |     8 |     3 |    10 |    13 |    16 ||    50
 Armour: Scale mail        |    69 |   137 |    97 |       |       |       ||   303
         Chain mail        |       |       |   211 |   497 |   888 |  1314 ||  2910
         Skin              |       |       |       |       |       |    11 ||    11
  Dodge: Dodged            |    34 |    68 |    69 |   141 |   249 |   329 ||   890
  Block: Buckler           |    21 |    88 |    22 |       |       |       ||   131
         Reflection        |       |     3 |    12 |    18 |    20 |    22 ||    75
         Kite shield       |       |       |   304 |   503 |  1320 |  1073 ||  3200

Table legend: (Time is in decaauts)
 A = Elapsed time spent in this place.
 B = Non-inter-level travel time spent in this place.
 C = Inter-level travel time spent in this place.
 D = Time resting spent in this place.
 E = Time spent auto-exploring this place.
 F = Levels seen in this place.
 G = Mean time per level.
                   A        B        C        D        E       F      G
               +--------+--------+--------+--------+--------+-----+--------+
         Total |  30970 |  29203 |   1767 |   5360 |  16466 |  29 | 1067.9 |
       Dungeon |  12619 |  11476 |   1143 |   1613 |   6962 |  11 | 1147.2 |
        Temple |     58 |      2 |     56 |      0 |      0 |   1 |   58.0 |
          Lair |   5591 |   5281 |    310 |    247 |   3651 |   5 | 1118.2 |
         Swamp |   3663 |   3498 |    165 |    288 |   2330 |   4 |  915.8 |
   Spider Nest |   5186 |   5131 |     55 |   2107 |   2143 |   4 | 1296.5 |
  Orcish Mines |   1605 |   1568 |     37 |    260 |    927 |   2 |  802.5 |
        Bailey |   1108 |   1108 |      0 |    547 |    171 |   1 | 1108.0 |
      Gauntlet |   1136 |   1136 |      0 |    296 |    282 |   1 | 1136.0 |
               +--------+--------+--------+--------+--------+-----+--------+

Top non-repeatable levels by time:
     D:7: 2324 daAuts
Spider:3: 2021 daAuts
  Lair:5: 1695 daAuts
     D:8: 1658 daAuts
Spider:2: 1505 daAuts
     D:2: 1380 daAuts
     D:6: 1245 daAuts
 Swamp:4: 1166 daAuts
Gauntlet: 1136 daAuts
     D:3: 1114 daAuts
  Bailey: 1108 daAuts
  Lair:4: 1090 daAuts
  Lair:3: 1078 daAuts
Spider:1: 1029 daAuts
     D:9: 986 daAuts
